 Dungeon Crawl Stone Soup version 0.28-a0-1206-g193881aaa2 (webtiles) character file.

Game seed: 11233117400547514819

569 sanka the Slasher (level 7, -1/53 (55) HPs)
             Began as a Palentonga Abyssal Knight on Dec 20, 2021.
             Was a Priest of Lugonu.
             Slain by a wight (5 damage)
             ... on level 5 of the Dungeon.
             The game lasted 00:08:43 (5421 turns).

sanka the Slasher (Palentonga Abyssal Knight)       Turns: 5421, Time: 00:08:44

HP:   -1/53 (55)    AC: 16    Str: 16    XL:     7   Next: 11%
MP:   19/19         EV:  5    Int: 11    God:    Lugonu [***...]
Gold: 238           SH: 12    Dex: 12    Spells: 6/6 levels left

rFire   . . .      SeeInvis +   a - +0 long sword
rCold   . . .      Faith    .   i - +0 tower shield
rNeg    + . .      Spirit   .   z - +2 robe of the Eight Boll Weevils {rN+ Archmagi}
rPois   +          Reflect  .   (no helmet)
rElec   .          Harm     .   j - +2 cloak
rCorr   .          Rampage  .   (no gloves)
Will    .....      Archmagi +   (no barding)
Stlth   +.........              (no amulet)
HPRegen 0.17/turn               y - ring of magical power
MPRegen 0.16/turn               l - ring of poison resistance

@: lightly drained, curled up
A: large, rugged brown scales 3, see invisible, deformed body, roll 1, armoured
tail, reflexive curl
a: Rolling Charge, Renounce Religion, Depart the Abyss, Bend Space, Banish


You were on level 5 of the Dungeon.
You worshipped Lugonu.
Lugonu was most pleased with you.
You visited 1 branch of the dungeon, and saw 5 of its levels.
You visited the Abyss 1 time.

You collected 238 gold pieces.


Innate Abilities, Weirdness & Mutations

You are completely covered in rugged brown scales. (AC +3, +7% HP)
You have supernaturally acute eyesight. (SInv)
Armour fits poorly on your strangely shaped body.
You can roll at nearby foes to attack.
You have a long armoured tail.
You curl defensively after being hit. (AC +7*)


   Skills:
 - Level 3.0 Fighting
 + Level 5.3 Long Blades
 - Level 1.5 Armour
 - Level 0.7 Dodging
 + Level 3.1 Shields
 + Level 4.8 Invocations


You had 6 spell levels left.
You didn't know any spells.
Your spell library contained the following spells:

 Spells                   Type           Power      Damage    Failure   Level
 Sting                    Tmut/Pois      0%         1d3       99%         1
 Poisonous Vapours        Pois/Air       0%         N/A       100%        2
 Ozocubu's Armour         Ice            0%         N/A       100%        3
 Olgreb's Toxic Radiance  Pois           0%         N/A       100%        4
 Metabolic Englaciation   Hex/Ice        0%         N/A       100%        5
 Simulacrum               Ice/Necr       0%         N/A       100%        6

Inventory:

Hand Weapons
 a - a +0 long sword (weapon)
 b - the +6 hunting sling of the Scorpion {vorpal, rPois rF- Will+} Any ammunition fired from it inflicts extra damage upon your enemies. rF: It makes you vulnerable to fire. rPois: It protects you from poison. Will: It increases your willpower.
 n - a +1 falchion
Missiles
 u - 44 sling bullets
Armour
 i - a +0 tower shield (worn)
 j - a +2 cloak (worn)
 z - the +2 robe of the Eight Boll Weevils (worn) {rN+ Archmagi} rN: It protects you from negative energy. Archmagi: It increases the power of your magical spells.
Jewellery
 l - a ring of poison resistance (right hand)
 y - a ring of magical power (left hand)
Scrolls
 c - 2 scrolls of blinking
 d - a scroll of enchant weapon
 f - 2 scrolls of amnesia
 h - 3 scrolls of fog {unknown}
 k - a scroll of holy word
 m - 2 scrolls of teleportation {@r4}
 p - 3 scrolls of magic mapping
 s - a scroll of enchant armour {unknown}
 w - a scroll of vulnerability {unknown}
 x - a scroll of acquirement {unknown}
Potions
 e - 2 potions of heal wounds {unknown}
 g - 2 potions of curing {unknown}
 o - 2 potions of might {unknown}
 q - a potion of flight {unknown}
 r - a potion of mutation {unknown}
 v - a potion of attraction {unknown}

Dungeon Overview and Level Annotations

Branches:
Dungeon (5/15)
 Temple: D:4-7

Altars:
Gozag

Shops:
D:1 [

Annotations:
D:3 1 runed translucent door, p0werm0de's ghost, amateur DsFi

▒.▒▒ ▒▒....▒▒ ▒
▒..▒▒▒..▒▒..▒
▒..▒▒...▒..▒▒▒▒▒▒
▒.........▒▒
▒....▒..▒▒▒
▒▒.▒▒▒▒..▒
.▒▒▒...▒....▒
.........[..▒
▒......H▒▒▒▒
▒▒....z▒▒ ▒.....▒
▒..▒...▒▒ ▒..
▒▒▒..▒▒ .. ▒▒..▒▒
. ▒...▒ ▒▒▒▒.▒.▒
▒.P≈≈..▒


You could see a wight.


Message History

The wight freezes you.
You closely miss the wight.
The wight is moderately damaged.
You block the wight's attack. You block the wight's attack.
You closely miss the wight.
The wight is moderately damaged.
The wight hits you but does no damage.
You hit the wight but do no damage.
You tail-slap the wight, but do no damage.
The wight is moderately damaged.
You block the wight's attack. The wight hits you but does no damage.
You closely miss the wight. You tail-slap the wight.
The wight is severely damaged.
The wight hits you with a +3 flail of freezing!
* * * LOW HITPOINT WARNING * * *
You partially resist.
You feel drained.
* * * LOW HITPOINT WARNING * * *
The wight freezes you.
* * * LOW HITPOINT WARNING * * *
Use which ability? (? or * to list)
Aim: a wight, wielding a +3 flail of freezing and wearing a +0 robe (severely damaged, chance to affect: 83%)
You fail to use your ability.
The wight hits you with a +3 flail of freezing!
* * * LOW HITPOINT WARNING * * *
The wight freezes you.
You die...

Action                   |  1- 3 |  4- 6 |  7- 9 || total
-------------------------+-------+-------+-------++-------
Melee: Falchion          |   105 |       |       ||   105
       Tailslap          |     9 |    11 |     3 ||    23
       Long sword        |     8 |   102 |    22 ||   132
 Fire: Hunting sling     |       |    12 |     6 ||    18
Invok: Bend Space        |       |     1 |       ||     1
 Abil: Rolling Charge    |    10 |     1 |     1 ||    12
  Use: Scroll            |     5 |       |     1 ||     6
Armor: Leather armour    |    57 |    35 |     8 ||   100
       Robe              |       |       |     2 ||     2
Dodge: Dodged            |    57 |    44 |     9 ||   110
Block: Tower shield      |       |       |     4 ||     4

Levels and vault maps discovered:
D:1:      heliophobic_arrival_battle_scene, layout_loops_ring,
          dreamdust_ecumenical_altar_statues, serial_shops, shop
D:2:      layout_basic, basic_altar
D:3:      layout_basic, ebering_ghost_sewer_d
D:4:      layout_rooms
D:5:      layout_layer_cave, serial_bayou, serial_bayou_pond_e,
          serial_bayou_pond_e, serial_bayou_pond_d, serial_bayou_shore_b

Notes
Turn   | Place    | Note
-------+----------+-------------------------------------------
     0 | Abyss:1  | sanka the Palentonga Abyssal Knight began the quest for the
                  | Orb.
     0 | Abyss:1  | Reached XP level 1. HP: 19/19 MP: 2/2
    21 | D:1      | Escaped the Abyss
   137 | D:1      | Found Reics's Antique Armour Shoppe.
   236 | D:1      | Reached XP level 2. HP: 20/25 MP: 3/3
   417 | D:1      | Found a faded altar of an unknown god.
   505 | D:1      | Reached skill level 3 in Long Blades
   842 | D:2      | Found an opulent altar of Gozag.
  1080 | D:2      | Reached ** piety under Lugonu
  1201 | D:2      | Reached XP level 3. HP: 31/31 MP: 4/4
  2446 | D:3      | Found a runed translucent door.
  2447 | D:3      | Noticed a bullfrog
  2449 | D:3      | Noticed p0werm0de's ghost (amateur DsFi)
  2496 | D:3      | Reached XP level 4. HP: 37/37 MP: 5/5
  2652 | D:4      | Reached skill level 1 in Shields
  2692 | D:4      | Reached skill level 4 in Long Blades
  2692 | D:4      | Reached skill level 3 in Invocations
  2866 | D:4      | Noticed a scorpion
  2893 | D:4      | Killed a scorpion
  2894 | D:4      | Reached XP level 5. HP: 20/43 MP: 7/7
  3153 | D:4      | Noticed a black bear
  3240 | D:4      | Reached skill level 2 in Shields
  3683 | D:4      | Identified the +6 hunting sling of the Scorpion {vorpal,
                  | rPois rF- Will+}
  3811 | D:5      | Entered Level 5 of the Dungeon
  3883 | D:5      | Noticed an ice beast
  3897 | D:5      | Killed an ice beast
  3898 | D:5      | Reached skill level 4 in Invocations
  3898 | D:5      | Reached XP level 6. HP: 27/50 MP: 7/9
  4505 | D:4      | Reached skill level 5 in Long Blades
  4529 | D:4      | Reached skill level 3 in Shields
  4634 | D:4      | Gained mutation: You curl defensively after being hit. (AC
                  | +7*) [Palentonga growth]
  4634 | D:4      | Reached XP level 7. HP: 29/55 MP: 10/10
  4906 | D:5      | Reached *** piety under Lugonu
  5334 | D:5      | Identified the +2 robe of the Eight Boll Weevils {rN+
                  | Archmagi}
  5421 | D:5      | HP: 4/53 [wight (12)]
  5421 | D:5      | Slain by a wight

Vanquished Creatures
  An ice beast (D:5)
  A black bear (D:4)
  A scorpion (D:4)
  2 hounds (D:5)
  A jelly (D:4)
  A bullfrog skeleton (D:5)
  3 iguanas
  4 gnolls
  4 adders
  5 orcs
  4 bats
  10 endoplasms
  2 goblins
  7 hobgoblins
  7 kobolds
  2 quokkas (D:3)
  5 ball pythons
  2 frilled lizards
  6 rats
68 creatures vanquished.

Vanquished Creatures (others)
  A plant (D:5)
1 creature vanquished.

Grand Total: 69 creatures vanquished
